 Dungeon Crawl Stone Soup version 0.32-a0-996-gb3226c233f (webtiles) character file.

Game seed: 1542792142646244909

678 mertasd123 the Slasher (level 7, -2/60 HPs)
             Began as a Minotaur Gladiator on Apr 23, 2024.
             Was a Follower of Okawaru.
             Slain by a howler monkey zombie (5 damage)
             ... on level 6 of the Dungeon.
             The game lasted 00:04:44 (4610 turns).

mertasd123 the Slasher (Minotaur Gladiator)         Turns: 4610, Time: 00:04:44

Health: -2/60      AC: -11   Str: 24    XL:     7   Next: 34%
Magic:  5/5        EV: 11    Int:  5    God:    Okawaru [*.....]
Gold:   305        SH: 14    Dex: 17    Spells: 6/6 levels left

rFire   . . .        a - +3 long sword (elec)
rCold   . . .        j - +6 kite shield "Zeluwkiwn" {^Contam Rampage Dex+3}
rNeg    . . .        h - +0 ring mail
rPois   .            c - +0 hat
rElec   .            o - +0 cloak
rCorr   .            s - +0 pair of gloves
SInv    .            (no boots)
Will    .....        (no amulet)
Stlth   +            t - +6 ring of strength
HPRegen 0.30/turn    (no ring)
MPRegen 0.09/turn

%: rampage
@: corroded
A: horns 2, retaliatory headbutt, low MP 1
a: Renounce Religion, Heroism


You were on level 6 of the Dungeon.
You worshipped Okawaru.
Okawaru was aware of your devotion.
You visited 2 branches of the dungeon, and saw 7 of its levels.

You collected 305 gold pieces.

Inventory:

Hand Weapons
 a - a +3 long sword of electrocution (weapon)
Missiles
 d - 3 throwing nets (quivered)
 e - a javelin
Armour
 b - a +0 leather armour
 c - a +0 hat (worn)
 h - a +0 ring mail (worn)
 j - the +6 kite shield "Zeluwkiwn" (worn) {^Contam Rampage Dex+3}
   (You acquired it on level 4 of the Dungeon)

   Dex+3:     It affects your dexterity (+3).
   ^Contam:   It causes magical contamination when unequipped.
   Rampage:   It bestows one free step when moving towards enemies.
 k - a +0 buckler
 o - a +0 cloak (worn)
 s - a +0 pair of gloves (worn)
Jewellery
 t - a +6 ring of strength (left hand)
Wands
 r - a wand of roots (2)
Scrolls
 g - a scroll of silence
 i - a scroll of fear
 m - a scroll of brand weapon
 p - a scroll of vulnerability
Potions
 l - a potion of lignification
 n - 3 potions of curing


   Skills:
 + Level 4.5 Fighting
 * Level 6.4 Long Blades
 + Level 3.8 Throwing
 + Level 3.5 Armour
 + Level 4.7 Dodging
 + Level 1.9 Shields


You had 6 spell levels left.
You didn't know any spells.
Your spell library contained the following spells:

 Spells                   Type           Power      Damage    Failure   Level
 Freeze                   Ice            0%         1d3       88%         1
 Frozen Ramparts          Ice            0%         1d1       99%         3
 Hailstorm                Conj/Ice       0%         3d5       99%         3


Dungeon Overview and Level Annotations

Branches:
Dungeon (6/15)             Temple (1/1) D:5

Altars:
Ashenzari
Cheibriados
Dithmenos
Fedhas
Hepliaklqana
Kikubaaqudgha
Makhleb
Okawaru
Qazlal
Ru
Sif Muna
Trog
Vehumet
Wu Jian
Xom
Yredelemnul
Zin
The Shining One

Shops:
D:3 *   D:4 :

Annotations:
D:6 3 runed translucent doors, ouz's ghost, novice MDFi


Innate Abilities, Weirdness & Mutations

You have a pair of horns on your head.
You reflexively headbutt those who attack you in melee.
Your magical capacity is low. (-10% MP)


Message History

You block the bullfrog zombie's attack.
A howler monkey zombie comes into view.
The howler monkey zombie completely misses you.
You furiously retaliate!
You headbutt the howler monkey zombie. You block the bullfrog zombie's attack.
The bullfrog zombie attacks as it pursues you!
You block the bullfrog zombie's attack. The bullfrog zombie hits you.
* * * LOW HITPOINT WARNING * * *
The bullfrog zombie attacks as it pursues you!
The bullfrog zombie hits you.
* * * LOW HITPOINT WARNING * * *
You hit the bullfrog zombie but do no damage.
Lightning courses through the bullfrog zombie!
You headbutt the bullfrog zombie, but do no damage.
The bullfrog zombie is heavily damaged.
You feel yourself slow down. The howler monkey zombie hits you.
* * * LOW HITPOINT WARNING * * *
You block the bullfrog zombie's attack.
You hit the bullfrog zombie. You headbutt the bullfrog zombie.
The bullfrog zombie is severely damaged.
You block the bullfrog zombie's attack.
You block the howler monkey zombie's attack.
The bullfrog zombie closely misses you.
You block the howler monkey zombie's attack.
You hit the bullfrog zombie.
You headbutt the bullfrog zombie, but do no damage.
The bullfrog zombie is almost destroyed.
You block the bullfrog zombie's attack. The howler monkey zombie hits you.
* * * LOW HITPOINT WARNING * * *
You hit the bullfrog zombie.
The bullfrog zombie is almost destroyed.
You block the bullfrog zombie's attack. The bullfrog zombie hits you.
* * * LOW HITPOINT WARNING * * *
You block the howler monkey zombie's attack.
You hit the bullfrog zombie but do no damage.
The bullfrog zombie is almost destroyed.
You block the bullfrog zombie's attack. The howler monkey zombie hits you.
You die...

. . ##### ## .
##...## #. # #.@_..#
#. # ###ZZ.####. #
#.......##.#########
#.#+++#.##..........
#.#W..#.###.########
+..#$$$#..'..#
##############


You could see ouz's ghost, a bullfrog zombie and a howler monkey zombie.

Vanquished Creatures
  An ice beast (D:5)
  An ogre (D:5)
  A centaur (D:6)
  2 hounds (D:4)
  2 jellies
  An orc priest (D:3)
  Crazy Yiuf (D:4)
  2 iguanas
  4 gnolls (D:5)
  7 adders
  A shadow imp (D:6)
  4 dart slugs
  A ribbon worm (D:3)
  8 orcs
  6 ball pythons
  2 endoplasms (D:3)
  5 giant cockroaches
  3 goblins
  8 hobgoblins
  2 jackals (D:1)
  3 quokkas (D:4)
  5 bats
  A frilled lizard (D:1)
  6 kobolds
  3 rats
80 creatures vanquished.

Notes
Turn   | Place    | Note
-------+----------+-------------------------------------------
     0 | D:1      | mertasd123 the Minotaur Gladiator began the quest for the
                  | Orb.
     0 | D:1      | Reached XP level 1. HP: 18/18 MP: 0/0
   213 | D:1      | Reached XP level 2. HP: 20/25 MP: 1/1
   298 | D:1      | Reached skill level 1 in Armour
   330 | D:1      | Reached skill level 4 in Long Blades
   707 | D:2      | Identified the +8 whip of Doom {venom, rN+ Dex+4}
   924 | D:2      | Reached XP level 3. HP: 23/30 MP: 2/2
  1333 | D:3      | Reached XP level 4. HP: 6/38 MP: 3/3
  1503 | D:3      | Found Riyl Poa's General Store.
  1713 | D:3      | Found a burning altar of Makhleb.
  1749 | D:3      | Found a glowing silver altar of Zin.
  2091 | D:3      | Reached XP level 5. HP: 38/45 MP: 4/4
  2335 | D:4      | Reached skill level 5 in Long Blades
  2488 | D:4      | Found Utorgh's Self-Published Books.
  2756 | D:4      | Identified a scroll of acquirement
  2756 | D:4      | Acquired the +6 kite shield "Zeluwkiwn" {^Contam Rampage
                  | Dex+3}
  3066 | D:4      | Found a runed translucent door.
  3067 | D:4      | Noticed Crazy Yiuf
  3307 | D:4      | Killed Crazy Yiuf
  3324 | D:4      | Gained mutation: Your magical capacity is low. (-10% MP)
                  | [mutagenic glow]
  3435 | D:5      | Entered Level 5 of the Dungeon
  3481 | D:5      | Reached XP level 6. HP: 52/52 MP: 4/4
  3872 | D:5      | Found a staircase to the Ecumenical Temple.
  3910 | Temple   | Entered the Ecumenical Temple
  3919 | Temple   | Became a worshipper of Warmaster Okawaru
  3973 | D:5      | Noticed an ice beast
  3978 | D:5      | Killed an ice beast
  4083 | D:5      | Reached skill level 1 in Shields
  4093 | D:5      | Reached skill level 6 in Long Blades
  4260 | D:5      | Reached XP level 7. HP: 43/59 MP: 5/5
  4468 | D:6      | Noticed a gargoyle
  4471 | D:6      | Noticed a gargoyle
  4550 | D:6      | Reached * piety under Okawaru
  4595 | D:6      | Found a runed translucent gate.
  4595 | D:6      | Found a runed translucent gate.
  4595 | D:6      | Found a runed translucent gate.
  4595 | D:6      | Noticed ouz's ghost (novice MDFi)
  4597 | D:6      | Found a basalt altar of Yredelemnul.
  4609 | D:6      | HP: 2/60 [bullfrog zombie (5)]
  4610 | D:6      | Slain by a howler monkey zombie

Illustrated notes

Levels and vault maps discovered:
D:1:      dpeg_arrival_stone_temple_mockup, layout_basic
D:2:      cheibrodos_helix_gallery, layout_basic
D:3:      layout_loops_cross, mainiacjoe_overflow_chevrons,
          mainiacjoe_overflow_boulevard, serial_shops, shop
D:4:      layout_layer_cave, serial_glass, glass_columns_a, glass_columns_b,
          item_on_display_a, minmay_strange_pillars, item_on_display_a,
          grunt_ministairs_2, kennysheep_cluttered_room, minmay_misc_feat_cross,
          nicolae_custom_books, uniq_crazy_yiuf_cottage
D:5:      layout_loops_corners, minmay_temple_entry_mist
D:6:      kennysheep_big_flooded_room, layout_loops_ring,
          nicolae_yredelemnul_ghost_church
Temple:   minmay_freezing_vapour_temple

Skill      XL: |  1  2  3  4  5  6 |
---------------+-------------------+-----
Armour         | 1 2 3 |  3.5
Long Blades    | 4 5 6 |  6.4
Fighting       | 3 4 |  4.5
Throwing       | 3 |  3.8
Dodging        | 4 |  4.7
Shields        | 1 |  1.9

Action                     |  1- 3 |  4- 6 |  7- 9 || total
---------------------------+-------+-------+-------++-------
  Melee: Long sword        |    63 |   100 |    24 ||   187
         Headbutt          |     4 |    10 |     7 ||    21
  Throw: Throwing net      |       |     2 |       ||     2
    Use: Scroll            |     7 |     6 |     2 ||    15
         Potion            |       |     3 |     1 ||     4
   Stab: Held in net/web   |       |     1 |       ||     1
 Armour: Leather armour    |     9 |       |       ||     9
         Ring mail         |    46 |    69 |    15 ||   130
  Dodge: Dodged            |    53 |    36 |    11 ||   100
  Block: Buckler           |       |     6 |       ||     6
         Kite shield       |       |    28 |    37 ||    65

Table legend: (Time is in decaauts)
 A = Elapsed time spent in this place.
 B = Non-inter-level travel time spent in this place.
 C = Inter-level travel time spent in this place.
 D = Time resting spent in this place.
 E = Time spent auto-exploring this place.
 F = Levels seen in this place.
 G = Mean time per level.
                   A        B        C        D        E       F      G
               +--------+--------+--------+--------+--------+-----+--------+
         Total |   4646 |   4290 |    356 |    191 |   3457 |   7 |  663.7 |
       Dungeon |   4631 |   4279 |    352 |    191 |   3457 |   6 |  771.8 |
        Temple |     14 |     10 |      4 |      0 |      0 |   1 |   14.0 |
               +--------+--------+--------+--------+--------+-----+--------+

Top non-repeatable levels by time:
     D:4: 1293 daAuts
     D:5: 923 daAuts
     D:3: 908 daAuts
     D:1: 699 daAuts
     D:2: 616 daAuts
     D:6: 191 daAuts
  Temple: 14 daAuts
